AoeStats
← Sid

Arabia

508585362Analyzed
2v2 RM · 9d ago on Sep 23, 2026· 49m 51s· 4 players
Game mode
Random Map
Map size
Medium (4 player)
Population
200
Speed
Normal
Resources
Standard
Victory
Conquest
Starting age
Dark Age
Ending age
Imperial Age
RankedLock teamsTeams togetherTeam positionsShared explorationLock speedFull tech treeHidden civsTurbo modeCheats
Victory
Defeat
🇬🇹 Franks · Guatemala
1298
+15
🇬🇹 Italians · Guatemala
1201
+19
🇯🇵 Varangians · Japan
1277
-17
🇯🇵 Saxons · Japan
1271
-17
Fabrizio
2:39 Loom
8:49 Feudal Age
10:07 Double-Bit Axe
11:56 Wheelbarrow
13:48 Fletching
22:50 Castle Age
22:56 Crossbowman
23:33 Town Watch
24:19 Padded Archer Armor
26:33 Thumb Ring
27:08 Bodkin Arrow
28:24 Leather Archer Armor
30:42 Ballistics
41:03 Imperial Age
41:32 Arbalester
45:39 Chemistry
47:54 Bracer
48:25 Ring Archer Armor
48:56 Conscription
49:53 Hand Cart
[XEVER]_AlarconFalcon
6:34 Loom
9:13 Feudal Age
9:44 Double-Bit Axe
18:37 Scale Barding Armor
24:53 Castle Age
23:41 Forging
23:23 Gold Mining
26:24 Iron Casting
26:09 Chain Barding Armor
27:48 Wheelbarrow
30:13 Bow Saw
30:53 Iron Casting
32:09 Husbandry
36:21 Stone Mining
37:07 Gold Shaft Mining
41:36 Imperial Age
42:24 Hand Cart
42:52 Plate Barding Armor
42:01 Cavalier
43:33 Chivalry
43:54 Conscription
43:34 Murder Holes
44:57 Blast Furnace
44:44 Town Watch
45:39 Paladin
50:11 Town Patrol
49:38 Light Cavalry
Sid
6:26 Loom
9:09 Feudal Age
10:00 Double-Bit Axe
11:11 Horse Collar
13:50 Horse Collar
19:01 Bloodlines
19:32 Scale Barding Armor
22:56 Wheelbarrow
25:20 Castle Age
23:53 Bloodlines
23:40 Gold Mining
24:21 Forging
25:09 Stone Mining
25:34 Fletching
26:41 Chain Barding Armor
27:00 Husbandry
30:19 Iron Casting
30:35 Heavy Plow
32:24 Scale Mail Armor
33:17 Pikeman
35:50 Bodkin Arrow
39:21 Bow Saw
39:22 Town Watch
46:02 Imperial Age
44:36 Hand Cart
43:59 Vendel Legacy
47:26 Plate Barding Armor
46:55 Bracer
47:52 Conscription
48:31 Caravan
51:02 Blast Furnace
49:32 Elite Jarl
fumin
6:20 Loom
9:09 Feudal Age
10:35 Double-Bit Axe
15:58 Fletching
17:39 Padded Archer Armor
23:41 Castle Age
22:04 Horse Collar
22:35 Gold Mining
23:46 Crossbowman
24:23 Bodkin Arrow
25:17 Leather Archer Armor
27:23 Bow Saw
27:17 Heavy Plow
28:06 Gold Shaft Mining
28:13 Wheelbarrow
31:32 Man-at-Arms
33:38 Ballistics
37:26 Imperial Age
35:39 Thumb Ring
37:45 Arbalester
41:13 Two-Man Saw
42:28 Bracer
44:04 Ring Archer Armor
44:09 Scale Mail Armor
44:20 Forging
44:11 Elite Hearth Troop
47:38 Chain Mail Armor
47:58 Iron Casting
48:46 Hand Cart
49:04 Crop Rotation
49:18 Plate Mail Armor
Connection lost

Rejoining the realm…

Still unreachable

The connection could not be restored.

Session expired

The server has moved on; the page needs a fresh start.